Map: Mist Opportunities

Players

NamroodTuo

  • Race: Terran Terran
  • Spawn Location: 5:00

pukich

  • Race: Zerg Zerg
  • Spawn Location: 6:00

VOD

Have the link to the VOD?

Description

Time

  • Played on: Feb. 4, 2023, 5:58 a.m.
  • Length: 30:06
Show
View Real Time Build Order
Export as new Build Order

NamroodTuo Terran 

Build Orders:  

Get SALT Encoding   

  12  0:03  SCV  
  13  0:16  SCV  
  14  0:30  SCV  
  14  0:37  Supply Depot  
  6  0:50  SCV  
  15  0:55  Refinery  
  16  1:07  SCV  
  16  1:08  Refinery  
  17  1:21  SCV  
  18  1:34  SCV  
  19  1:48  SCV  
  20  1:56  Factory  
  20  2:01  SCV  
  21  2:15  SCV  
  22  2:28  SCV  
  23  2:33  Factory Tech Reactor  
  23  2:46  Perdition Turret  
  23  2:58  Devastation Turret  
  23  3:19  Armory  
  23  3:57  Regenerative Bio-Steel  
  23  4:10  Engineering Bay  
  23  4:21  Supply Depot  
  23  4:48  SCV  
  24  4:51  Supply Depot  
  24  5:02  SCV  
  24  5:07  Supply Depot  
  25  5:16  SCV  
  26  5:27  Advanced Optics  
  26  5:29  SCV  
  27  5:43  SCV  
  27  5:47  Upgrade Laser Drill Level 1  
  28  5:56  SCV  
  29  6:02  Perdition Turret  
  29  6:10  SCV  
  29  6:16  Spinning Dizzy  
  30  6:23  SCV  
  30  6:27  Fire-Suppression Systems  
  31  6:37  SCV  
  32  6:51  SCV  
  32  6:57  Devastation Turret  
  33  7:04  SCV  
  34  7:12  Devastation Turret  
  34  7:18  SCV  
  35  7:31  SCV  
  36  7:45  SCV  
  37  7:58  Thor  
  43  8:20  Factory  
  43  8:45  Command Center  
  43  9:00  Terran Vehicle and Ship Weapons Level 1  
  43  9:11  KMC Auto-Loaders  
  43  9:30  Factory Tech Reactor  
  43  9:33  Thor  
  49  9:48  Upgrade Laser Drill Level 2  
  49  9:53  330mm Barrage Cannon  
  49  10:30  Starport  
  49  10:39  SCV  
  49  10:46  Refinery  
  50  10:50  Refinery  
  50  10:53  SCV  
  50  10:57  Perdition Turret  
  51  11:06  SCV  
  52  11:20  SCV  
  52  11:21  Spinning Dizzy, Supply Depot  
  53  11:33  Structure Armor  
  53  11:34  SCV  
  53  11:38  Supply Depot  
  54  11:40  Terran Vehicle And Ship Armor Level 1  
  54  11:47  SCV  
  55  11:55  Thor  
  55  11:59  Supply Depot  
  61  12:02  Supply Depot  
  61  12:13  Starport Tech Reactor  
  61  12:29  Thor  
  67  12:30  Supply Depot  
  67  12:35  Supply Depot  
  67  12:46  SCV  
  68  13:00  SCV  
  68  13:07  Supply Depot  
  69  13:13  SCV  
  70  13:27  SCV  
  71  13:41  SCV  
  72  13:51  Science Vessel x2  
  76  14:30  Terran Vehicle and Ship Weapons Level 2  
  76  14:34  Hi-Sec Auto Tracking  
  76  14:38  Science Vessel  
  76  14:39  Science Vessel  
  80  15:20  Thor  
  86  15:54  Perdition Turret  
  86  15:59  SCV  
  87  16:12  SCV  
  87  16:20  Supply Depot  
  87  16:26  SCV  
  88  16:39  SCV  
  88  16:42  Devastation Turret  
  88  16:43  Supply Depot  
  89  16:53  SCV  
  90  17:06  Improved Nano-Repair  
  90  17:32  Thor  
  90  17:33  Thor x3  
  114  17:40  Terran Vehicle And Ship Armor Level 2  
  114  19:31  Thor  
  114  19:32  Thor x2  
  132  19:46  Supply Depot  
  132  19:48  Supply Depot  
  132  20:16  Thor  
  132  20:18  Supply Depot  
  138  20:22  Supply Depot  
  136  20:50  Terran Vehicle and Ship Weapons Level 3  
  136  20:51  Supply Depot  
  136  20:56  Supply Depot  
  136  21:26  Supply Depot  
  136  21:29  Supply Depot  
  136  21:59  Supply Depot  
  136  22:20  Thor x2  
  136  22:21  Thor x2  
  136  22:26  Science Vessel  
  136  22:27  Science Vessel  
  164  23:14  Science Vessel  
  154  24:30  Terran Vehicle And Ship Armor Level 3  
  154  24:34  Thor  
  154  24:35  Thor x3  
  178  24:44  Thor  
  172  25:58  Thor  
  154  26:04  Thor  
  154  26:06  Thor  
  148  26:16  Thor  
  148  26:17  Thor  
  124  26:32  Thor  
  136  27:28  Thor  
  136  27:29  Thor  
  148  28:15  Thor  
  148  28:19  Thor  
  124  28:40  Thor  
Show
View Real Time Build Order
Export as new Build Order

pukich Zerg 

Build Orders:  

Get SALT Encoding   

  12  0:05  Drone  
  13  0:29  Drone  
  14  0:31  Overlord  
  14  0:57  Drone x2  
  14  0:58  Drone x3  
  19  1:04  Overlord  
  19  1:23  Roach Warren  
  19  1:24  Drone  
  19  1:37  Drone  
  19  1:38  Drone x2  
  22  1:48  Extractor  
  21  1:52  Drone  
  21  1:53  Extractor, Drone  
  22  2:11  Roach x2  
  26  2:31  Drone  
  26  2:32  Drone  
  26  2:38  Overlord  
  28  2:46  Evolution Chamber  
  27  2:51  Evolution Chamber  
  27  2:52  Drone  
  27  2:54  Drone  
  28  3:10  Queen  
  28  3:23  Drone  
  28  3:25  Drone x2  
  33  3:41  Zerg Missile Weapons Level 1, Zerg Ground Armor Level 1  
  33  3:52  Roach  
  33  4:37  Overlord x2  
  33  4:39  Queen  
  33  4:42  Lair  
  33  5:24  Brutalisk  
  33  6:41  Overlord x2  
  33  6:42  Overlord  
  33  6:45  Bio-Mechanical Transfusion, Incubation Chamber  
  33  6:48  Roach x4  
  33  6:49  Roach x2  
  45  6:51  Hatchery  
  44  7:24  Spire  
  43  7:44  Drone  
  43  7:45  Drone x5  
  43  7:48  Zerg Missile Weapons Level 2  
  43  7:49  Zerg Ground Armor Level 2  
  49  8:14  Drone  
  49  8:15  Drone x2  
  49  8:17  Drone  
  49  8:18  Drone x3  
  56  8:43  Roach  
  56  9:05  Brutalisk  
  56  9:28  Roach  
  56  9:50  Brutalisk  
  56  10:14  Drone  
  56  10:15  Drone x5  
  56  10:16  Drone x3  
  56  10:17  Drone  
  56  10:18  Drone, Queen  
  67  10:21  Queen  
  67  10:22  Extractor x2  
  67  10:24  Queen  
  67  10:25  Queen  
  65  10:31  Overseer  
  65  10:32  Overseer  
  65  10:35  Spire  
  72  10:55  Drone  
  72  10:56  Drone x3  
  76  11:01  Overlord  
  76  11:02  Overlord x3  
  76  11:29  Glial Reconstitution  
  76  11:32  Mutalisk x2  
  76  11:33  Mutalisk x2  
  76  11:37  Zerg Flyer Weapons Level 1  
  76  11:39  Zerg Flyer Armor Level 1  
  84  11:44  Drone  
  85  12:03  Mutalisk  
  85  12:09  Infestation Pit  
  84  12:31  Leviathan  
  84  12:51  Mutalisk  
  84  12:52  Mutalisk  
  84  13:19  Leviathan  
  84  13:20  Leviathan  
  84  13:35  Hive  
  84  13:46  Overlord x2  
  84  13:48  Overlord  
  84  13:49  Overlord x5  
  84  15:26  Zerg Ground Armor Level 3, Zerg Missile Weapons Level 3  
  84  15:27  Zerg Flyer Armor Level 2, Zerg Flyer Weapons Level 2  
  84  15:38  Mutalisk x4  
  84  15:39  Mutalisk x4  
  100  15:41  Roach  
  100  15:42  Roach x9  
  120  17:03  Queen  
  120  17:04  Queen, Mutalisk x4  
  120  17:05  Mutalisk x2  
  120  17:06  Queen, Mutalisk x2  
  120  17:07  Queen  
  120  17:08  Roach x2  
  120  17:09  Roach x8  
  162  19:25  Zerg Flyer Armor Level 3, Zerg Flyer Weapons Level 3  
  162  19:28  Overlord x2  
  162  19:29  Overlord x2  
  162  19:32  Mutalisk x2  
  162  19:33  Mutalisk x3  
  162  19:35  Mutalisk  
  162  19:36  Roach x2  
  162  19:37  Roach  
  180  20:11  Queen x2  
  180  20:13  Queen  
  180  20:14  Queen  
  180  20:37  Mutalisk  
  180  20:38  Mutalisk x2  
  194  20:40  Roach x3  
  194  23:18  Mutalisk x2  
  194  23:19  Mutalisk  
  200  23:25  Rapid Regeneration, Vicious Glave  
  200  23:29  Hydriodic Bile  
  200  25:14  Deep Tunnel  
  200  25:19  Adaptive Plating  
Tags
 
Add a new tag
Caveats
  • Supply blocks, unpowered buildings, or Contaminate may cause inaccurate times.
  • Supply counts are checked every 10 seconds.